 Dungeon Crawl Stone Soup version 0.28.0-53-g5a82cb258f (webtiles) character file.

Game seed: 1279780203757849061

26794 DungeonMaster the Thaumaturge (level 13, 95/95 HPs)
             Began as a Demonspawn Hedge Wizard on June 28, 2022.
             Was an Initiate of Gozag.
             Quit the game on level 2 of the Lair of Beasts on June 29, 2022.
             The game lasted 00:55:43 (17159 turns).

DungeonMaster the Thaumaturge (DsWz)               Turns: 17159, Time: 00:55:44

Health: 95/95      AC: 12    Str: 11    XL:     13   Next: 0%
Magic:  8/27       EV: 14    Int: 33    God:    Gozag
Gold:   649        SH:  0    Dex: 16    Spells: 10/32 levels left

rFire   + + .      SeeInvis .   a - +7 hand axe of Bread {freeze, rC+ Will+ Int+3}
rCold   + + .      Faith    .   (no shield)
rNeg    . . .      Spirit   .   b - +2 robe {rC+ rF+}
rPois   .          Reflect  .   (helmet restricted)
rElec   .          Harm     .   N - +2 cloak {Will+}
rCorr   .          Rampage  .   l - +0 pair of gloves
Will    ++...                   J - +1 pair of boots {Fly}
Stlth   ++........              C - amulet of magic regeneration
HPRegen 0.25/turn               p - ring "Yklir" {Wiz rF+ Int+4 Dex+3}
MPRegen 0.80/turn               E - +6 ring of intelligence

@: gold aura, flying
A: antennae 1, spiny 2, magic regeneration
a: Renounce Religion, Potion Petition, Call Merchant, Bribe Branch


You were on level 2 of the Lair of Beasts.
You worshipped Gozag.
Gozag was pleased with you.
You visited 4 branches of the dungeon, and saw 18 of its levels.
You also visited: Bailey.

You collected 4240 gold pieces.
You spent 1106 gold pieces at shops.
You paid 2485 gold pieces to Gozag.

Inventory:

Hand Weapons
 a - the +7 hand axe of Bread (weapon) {freeze, rC+ Will+ Int+3}
   (You bought it in a shop on level 8 of the Dungeon)

   It freezes those it strikes, dealing additional cold damage.
   It can also slow down cold-blooded creatures.
   Int:       It affects your intelligence (+3).
   rC:        It protects you from cold.
   Will:      It increases your willpower.
 d - a +2 short sword of venom
 s - the +9 short sword "Coikuel" {drain, rC++ rN+}
   (You found it on level 2 of the Lair of Beasts)

   A truly terrible weapon, it drains the life of any living foe it strikes.
   rC:        It greatly protects you from cold.
   rN:        It protects you from negative energy.
 w - a +5 hunting sling
Missiles
 g - 10 atropa-tipped darts
 k - 165 sling bullets
 n - 146 bolts
 I - 2 curare-tipped darts (quivered)
 M - 39 poisoned darts
Armour
 b - a +2 robe of resistance (worn)
 l - a +0 pair of gloves (worn)
 u - +1 acid dragon scales
 J - a +1 pair of boots of flying (worn)
 N - a +2 cloak of willpower (worn)
 O - a +1 helmet of see invisible
Magical Staves
 q - a staff of conjuration
 r - a staff of cold
 K - a staff of earth
Jewellery
 h - a ring of ice
 p - the ring "Yklir" (left hand) {Wiz rF+ Int+4 Dex+3}
   (You acquired it on level 2 of the Dungeon)

   [ring of wizardry]

   It improves your spell success rate.
   Int:       It affects your intelligence (+4).
   Dex:       It affects your dexterity (+3).
   rF:        It protects you from fire.
 y - a ring of protection from fire
 z - a +4 ring of evasion
 C - an amulet of magic regeneration (around neck)
 E - a +6 ring of intelligence (right hand)
 G - a ring of flight
 Q - a +6 ring of strength
 U - an amulet of guardian spirit
 V - a ring of magical power
 X - a ring of protection from cold
 Y - an amulet of reflection
Wands
 x - a wand of iceblast (10)
 B - a wand of flame (24)
 F - a wand of acid (12)
 T - a wand of charming (10)
Scrolls
 c - 3 scrolls of enchant weapon
 e - 2 scrolls of blinking
 f - 4 scrolls of identify
 D - a scroll of immolation
 H - 6 scrolls of teleportation
 S - 2 scrolls of fear
 Z - a scroll of magic mapping
Potions
 i - 3 potions of berserk rage
 j - 4 potions of flight
 m - 3 potions of curing
 o - a potion of cancellation
 t - 7 potions of mutation
 v - 4 potions of heal wounds
 A - a potion of magic
 P - 2 potions of brilliance
 R - 2 potions of ambrosia
 W - 2 potions of resistance
Miscellaneous
 L - a lightning rod (4/4)


   Skills:
 * Level 6.6 Fighting
 * Level 9.6 Armour
 * Level 4.7 Dodging
 - Level 1.7 Stealth
 * Level 10.1 Spellcasting
 - Level 9.4 Conjurations
 - Level 1.0 Summonings
 - Level 0.8 Translocations
 - Level 7.3 Air Magic
 - Level 8.0 Poison Magic


You had 10 spell levels left.
You knew the following spells:

 Your Spells              Type           Power      Damage    Failure   Level
a - Magic Dart            Conj           100%       1d8       1%          1
b - Stone Arrow           Conj/Erth      94%        3d12      1%          3
c - Lightning Bolt        Conj/Air       32%        1d49      1%          5
d - Mephitic Cloud        Conj/Pois/Air  63%        N/A       1%          3
e - Static Discharge      Conj/Air       64%        N/A       1%          2
f - Blink                 Tloc           44%        N/A       1%          2
g - Passwall              Tmut/Erth      13%        N/A       1%          2
h - Sticky Flame          Conj/Fire      47%        2d6       1%          4

Your spell library contained the following spells:

 Spells                   Type           Power      Damage    Failure   Level
 Foxfire                  Conj/Fire      100%       2x1d9     1%          1
 Sandblast                Erth           32%        2d9       1%          1
 Slow                     Hex            64%        N/A       1%          1
 Call Imp                 Summ           23%        N/A       1%          2
 Sublimation of Blood     Necr           16%        N/A       1%          2
 Wereblood                Tmut           16%        N/A       1%          2
 Conjure Flame            Conj/Fire      47%        6-21      1%          3
 Flame Wave               Conj/Fire      47%        2d10      1%          4
 Call Canine Familiar     Summ           23%        N/A       2%          3
 Gell's Gravitas          Tloc           22%        N/A       2%          3
 Lesser Beckoning         Tloc           22%        N/A       2%          3
 Portal Projectile        Hex/Tloc       38%        N/A       2%          3
 Teleport Other           Tloc           22%        N/A       2%          3
 Inner Flame              Hex/Fire       16%        N/A       3%          3
 Leda's Liquefaction      Hex/Erth       8%         N/A       12%         4
 Manifold Assault         Tloc           22%        N/A       22%         5
 Starburst                Conj/Fire      23%        6d8       26%         6
 Maxwell's Capacitive Co  Air            30%        ∞         97%         8
 Summon Hydra             Summ           11%        N/A       99%         7


Dungeon Overview and Level Annotations

Branches:
Dungeon (13/15)            Temple (1/1) D:5            Lair (3/6) D:8
  Snake (0/4) Lair:2          Orc (1/2) D:9          Bailey (visited)
  Swamp: Lair:2-4    Shoals: Lair:2-4    Vaults: D:13-14

Altars:
Ashenzari
Cheibriados
Dithmenos
Elyvilon
Gozag
Kikubaaqudgha
Makhleb
Nemelex Xobeh
Okawaru
Qazlal
Uskayaw
Xom
Yredelemnul
Zin
The Shining One
Jiyva

Shops:
D:1 (   D:8 ([   D:10 (*   D:13 =

Annotations:
D:2 1 runed translucent door, Crazy Yiuf
D:9 exclusion: orange crystal statue, Gastronok
D:12 3 runed translucent doors, jaiteiro's ghost, journeyman GnEE


Innate Abilities, Weirdness & Mutations

You have a pair of small antennae on your head.
You are mostly covered in sharp spines.
You regenerate magic rapidly.


Message History

Confirm with . or Enter, or press ? or * to list all spells.
Aiming: Lightning Bolt (dangerous; 1% risk of failure)
Press: ? - help, Shift-Dir - straight line, f/p - death yak
Aim: a death yak (heavily wounded, 88% to hit)
You hear a mighty clap of thunder!
The bolt of lightning hits the death yak!
The death yak is severely wounded.
You hear an angry hiss.
You hear a bellow!
You hear a howl!
A death yak comes into view.
Casting: Lightning Bolt (dangerous; 1% risk of failure)
Confirm with . or Enter, or press ? or * to list all spells.
Aiming: Stone Arrow (safe; 1% risk of failure)
Press: ? - help, Shift-Dir - straight line, f/p - death yak
Aim: a death yak (severely wounded, 92% to hit)
The stone arrow misses the death yak.
The death yak is struck by your spines. The death yak closely misses you.
Casting: Stone Arrow (safe; 1% risk of failure)
Confirm with . or Enter, or press ? or * to list all spells.
Aiming: Stone Arrow (safe; 1% risk of failure)
Press: ? - help, Shift-Dir - straight line, f/p - death yak
Aim: a death yak (severely wounded, 92% to hit)
The stone arrow hits the death yak!
The death yak is almost dead.
The death yak gores you but does no damage.
Casting: Stone Arrow (safe; 1% risk of failure)
Confirm with . or Enter, or press ? or * to list all spells.
Aiming: Stone Arrow (safe; 1% risk of failure)
Press: ? - help, Shift-Dir - straight line, f/p - death yak
Aim: a death yak (almost dead, 92% to hit)
The stone arrow hits the death yak!
You kill the death yak!
You have reached level 13!
Your demonic ancestry asserts itself...
A pair of antennae grows on your head!
Your +1 helmet of see invisible falls away!
You feel less perceptive.
The death yak is distracted by your dazzling golden aura.
You fly upwards.
There is a stone staircase leading down here.
Are you sure you want to abandon this character and quit the game? (Confirm with "yes".)

########
##########.P.##.#
##...P............
##......#......#..#
#..#.....#....P..##
#P.##...........##
##.#.#...........##
#.@###..##.).>#....
##..###............
####..#
##...#.#...[.
##....##
#(.........#.
#.....##
##.#.#..#....
##...#.#
##.#.........
#..###.#
#P.#####..##. #P.#
### #..#..#.#..#.
##.## ##...###..##.


There were no monsters in sight!

Vanquished Creatures
  Erolcha (D:9)
  A hydra (D:12)
  A death knight (D:13)
  A centaur warrior (D:11)
  5 two-headed ogres
  2 death yaks (Lair:3)
  Nergalle (Lair:2)
  A deep elf pyromancer (D:12)
  A manticore (D:12)
  An ugly thing (D:11)
  An oklob plant (Lair:2)
  A salamander (shapeshifter) (D:11)
  Maurice (D:11)
  A black mamba (Lair:1)
  Maggie (Lair:2)
  2 gargoyles
  4 cane toads
  2 rime drakes
  5 komodo dragons
  A troll (D:11)
  11 blink frogs
  Prince Ribbit (D:9)
  2 hornets (D:9)
  A slime creature (D:7)
  A shadow (D:10)
  3 wraiths (D:11)
  15 yaks
  A basilisk (Lair:2)
  3 wyverns (D:8)
  A steam dragon (D:9)
  9 water moccasins
  3 black bears
  8 orc warriors
  3 sky beasts
  2 ice beasts
  An ogre (D:6)
  8 centaurs
  A phantom (D:6)
  6 kobold brigands
  8 bullfrogs
  4 scorpions
  2 water moccasin zombies
  A water moccasin skeleton (D:4)
  9 killer bees (D:9)
  20 wights
  2 howler monkeys
  3 centaur zombies
  5 hounds
  4 jellies
  A centaur skeleton (D:5)
  4 orc priests
  4 iguanas
  4 orc wizards
  A hound zombie (D:5)
  A hound skeleton (D:4)
  A howler monkey zombie (D:7)
  A gnoll (Bailey)
  6 adders
  2 howler monkey skeletons (D:6)
  A white imp (D:7)
  2 ufetubi
  A worm (D:3)
  3 dart slugs
  22 orcs
  7 ball pythons
  4 bats
  11 endoplasms
  2 giant cockroaches
  11 goblins
  8 hobgoblins
  4 jackals (D:1)
  3 quokkas
  2 frilled lizards
  44 kobolds
  3 rats
  A butterfly (Lair:1)
326 creatures vanquished.

Vanquished Creatures (others)
  4 bushes (D:8)
  13 fungi
  39 plants
  6 toadstools (D:7)
62 creatures vanquished.

Grand Total: 388 creatures vanquished

Notes
Turn   | Place    | Note
-------+----------+-------------------------------------------
     0 | D:1      | DungeonMaster the Demonspawn Hedge Wizard began the quest
                  | for the Orb.
     0 | D:1      | Reached XP level 1. HP: 13/13 MP: 4/4
   510 | D:1      | Gained mutation: You are partially covered in sharp spines.
                  | [demonic ancestry]
   510 | D:1      | Reached XP level 2. HP: 18/19 MP: 1/6
   750 | D:1      | Learned a level 2 spell: Blink
   913 | D:1      | Reached skill level 1 in Fighting
  1100 | D:1      | Reached skill level 1 in Armour
  1107 | D:1      | Reached XP level 3. HP: 16/26 MP: 7/7
  1271 | D:1      | Found Nazxoy's Antique Weapon Shop.
  1500 | D:2      | Found a faded altar of an unknown god.
  1677 | D:2      | Identified a scroll of acquirement
  1677 | D:2      | Acquired the ring "Yklir" {Wiz rF+ Int+4 Dex+3}
  2216 | D:2      | Learned a level 3 spell: Mephitic Cloud
  2223 | D:2      | Found a runed translucent door.
  2224 | D:2      | Noticed Crazy Yiuf
  2303 | D:2      | Reached XP level 4. HP: 30/33 MP: 2/9
  3844 | D:4      | Reached XP level 5. HP: 30/39 MP: 0/10
  4114 | D:4      | Reached skill level 4 in Spellcasting
  4114 | D:4      | Reached XP level 6. HP: 30/46 MP: 7/12
  4497 | D:5      | Entered Level 5 of the Dungeon
  4857 | D:5      | Noticed an ice beast
  4875 | D:5      | Killed an ice beast
  4876 | D:5      | Reached XP level 7. HP: 29/52 MP: 13/13
  5289 | D:5      | Found a staircase to the Ecumenical Temple.
  5299 | Temple   | Entered the Ecumenical Temple
  5359 | Temple   | Became a worshipper of Gozag Ym Sagoz the Greedy
  5753 | D:6      | Reached skill level 5 in Spellcasting
  5876 | D:6      | Reached XP level 8. HP: 55/61 MP: 10/15
  6172 | D:6      | Reached skill level 1 in Air Magic
  6172 | D:6      | Reached skill level 1 in Poison Magic
  6380 | D:7      | Reached skill level 5 in Conjurations
  6553 | D:7      | Learned a level 2 spell: Static Discharge
  6638 | D:7      | Noticed a slime creature
  6639 | D:7      | Noticed a slime creature
  6730 | D:8      | Found a flagged portal.
  6754 | Bailey   | Entered a bailey
  6908 | Bailey   | Reached skill level 5 in Armour
  6908 | Bailey   | Gained mutation: You are mostly covered in sharp spines.
                  | [demonic ancestry]
  6908 | Bailey   | Reached XP level 9. HP: 51/66 MP: 12/17
  6978 | Bailey   | Reached skill level 6 in Spellcasting
  7708 | D:7      | Acquired 604 gold pieces
  8197 | D:8      | Bought a scorched hand axe for 280 gold pieces
  8197 | D:8      | Identified the +7 hand axe of Bread {freeze, rC+ Will+
                  | Int+3} (You bought it in a shop on level 8 of the Dungeon)
  8633 | D:8      | Learned a level 5 spell: Lightning Bolt
  8790 | D:8      | Reached XP level 10. HP: 73/73 MP: 18/20
  8802 | D:8      | Found a staircase to the Lair.
  8827 | D:8      | Reached skill level 7 in Spellcasting
  8838 | D:8      | Reached skill level 5 in Poison Magic
  9855 | D:8      | Reached skill level 5 in Air Magic
 10201 | D:9      | Acquired 684 gold pieces
 10209 | D:8      | Bought a masterwork ring mail for 171 gold pieces
 10209 | D:8      | Identified the +1 ring mail of the Devil's Team {Harm
                  | Will+} (You bought it in a shop on level 8 of the Dungeon)
 10209 | D:8      | Bought a crude leather armour for 133 gold pieces
 10209 | D:8      | Identified the +0 leather armour "Naixtuub" {Will+} (You
                  | bought it in a shop on level 8 of the Dungeon)
 10209 | D:8      | Bought an embroidered cloak for 142 gold pieces
 10209 | D:8      | Bought a runed helmet for 142 gold pieces
 10451 | D:9      | Noticed Erolcha
 10458 | D:9      | Noticed a two-headed ogre
 10464 | D:9      | Killed Erolcha
 10472 | D:9      | Killed a two-headed ogre
 10711 | D:9      | Reached XP level 11. HP: 37/74 MP: 22/22
 10712 | D:9      | Noticed Prince Ribbit
 10716 | D:9      | Killed Prince Ribbit
 10998 | D:9      | Noticed an orange crystal statue
 11006 | D:9      | Found a staircase to the Orcish Mines.
 11139 | D:9      | Reached skill level 8 in Spellcasting
 11376 | D:9      | Noticed Gastronok
 11645 | D:10     | Entered Level 10 of the Dungeon
 11758 | D:10     | Noticed a two-headed ogre
 11769 | D:10     | Killed a two-headed ogre
 11827 | D:10     | Learned a level 3 spell: Stone Arrow
 11830 | D:10     | Learned a level 2 spell: Passwall
 11904 | D:10     | Noticed a two-headed ogre
 11940 | D:10     | Killed a two-headed ogre
 12330 | D:10     | Found Woiso's Assorted Antiques.
 12337 | D:10     | Bought a scroll labelled OCLIGAEGAA for 34 gold pieces
 12337 | D:10     | Bought a scroll of identify for 68 gold pieces
 12337 | D:10     | Bought a fluorescent wand for 136 gold pieces
 12559 | D:10     | Found Hidaez's Antique Weapon Boutique.
 12645 | D:11     | Noticed Maurice
 12660 | D:11     | Killed Maurice
 12737 | D:11     | Noticed a cyan ugly thing
 12744 | D:11     | Killed a cyan ugly thing
 13085 | D:11     | Noticed a centaur warrior
 13092 | D:11     | Killed a centaur warrior
 13256 | D:11     | Noticed a two-headed ogre
 13509 | D:11     | Killed a two-headed ogre
 13851 | D:12     | Noticed a two-headed ogre
 13867 | D:12     | Killed a two-headed ogre
 13922 | D:12     | Gained mutation: You regenerate magic rapidly. [demonic
                  | ancestry]
 13922 | D:12     | Reached XP level 12. HP: 76/84 MP: 13/24
 13933 | D:12     | Noticed an eight-headed hydra
 13938 | D:12     | Killed an eight-headed hydra
 13939 | D:12     | Reached skill level 9 in Spellcasting
 14340 | D:12     | Got Gujoask's Handbook of Fire
 14346 | D:12     | Found a runed translucent gate.
 14346 | D:12     | Found a runed translucent gate.
 14346 | D:12     | Found a runed translucent gate.
 14347 | D:12     | Noticed an azure jelly
 14350 | D:12     | Noticed an acid blob
 14350 | D:12     | Noticed an azure jelly
 14351 | D:12     | Noticed an acid blob
 14351 | D:12     | Noticed jaiteiro's ghost (journeyman GnEE)
 14352 | D:12     | Noticed a quicksilver ooze
 14353 | D:12     | Noticed an azure jelly
 14353 | D:12     | Noticed an azure jelly
 14353 | D:12     | Noticed a great orb of eyes
 14354 | D:12     | Found a viscous altar of Jiyva.
 14621 | D:13     | Noticed a death knight
 14637 | D:13     | Killed a death knight
 14658 | D:13     | Noticed a centaur warrior
 14820 | Orc:1    | Entered Level 1 of the Orcish Mines
 14820 | Orc:1    | Noticed an ettin
 15088 | Lair:1   | Entered Level 1 of the Lair of Beasts
 15105 | Lair:1   | Reached skill level 5 in Fighting
 16073 | Lair:2   | Noticed Maggie
 16078 | Lair:2   | Killed Maggie
 16204 | Lair:2   | Noticed Nergalle
 16211 | Lair:2   | Killed Nergalle
 16318 | Lair:2   | Found a staircase to the Snake Pit.
 16388 | Lair:2   | Reached skill level 10 in Spellcasting
 16780 | Lair:2   | Identified the +9 short sword "Coikuel" {drain, rC++ rN+}
 17055 | Lair:3   | Learned a level 4 spell: Sticky Flame
 17118 | Lair:3   | Noticed a death yak
 17126 | Lair:3   | Noticed a death yak
 17126 | Lair:3   | Noticed a death yak
 17152 | Lair:3   | Killed a death yak
 17153 | Lair:3   | Noticed a death yak
 17156 | Lair:3   | Killed a death yak
 17157 | Lair:3   | Gained mutation: You have a pair of small antennae on your
                  | head. [demonic ancestry]
 17157 | Lair:3   | Reached XP level 13. HP: 95/95 MP: 6/27
 17159 | Lair:2   | Quit the game

Illustrated notes

Levels and vault maps discovered:
D:1:      giann_forest_graveyard, layout_basic, serial_shops,
          nicolae_lakefront_shop, minmay_hexomino_r4
D:2:      layout_loops_ring, shapermc_ecumenical_altar_starsandcircs,
          roderic_serpentine_path, kennysheep_generic_room_8,
          uniq_crazy_yiuf_cottage
D:3:      layout_basic
D:4:      layout_basic
D:5:      layout_cave_pools, minmay_temple_entry_waves
D:6:      layout_gridville, small_statue_intersection
D:7:      cheibrodos_fertilizer, layout_basic
D:8:      layout_basic, minmay_lair_entry_grove, enter_bailey_5
D:9:      layout_loops_ring, david_orc_3, minmay_statue_bubble, uniq_gastronok,
          uniq_erolcha, uniq_prince_ribbit1
D:10:     layout_loops_corners, mainiacjoe_overflow_cross_hatched, serial_shops,
          shop, nicolae_shop_advertising_works [nicolae_subvault_shop_adworks]
D:11:     layout_loops_ring, uniq_maurice
D:12:     layout_rooms, gammafunk_ghost_ooze, minmay_misc_feat_four_crosses
D:13:     layout_rooms, grunt_vaults_entry_fortified, uniq_josephine
Temple:   compressed_dpeg_triangle_lava_temple
Lair:1:   layout_chaotic_city, guppyfry_lair_drakes, lemuel_fruit_fields
Lair:2:   layout_loops_ring, dummy_snake_entry, uniq_maggie, uniq_nergalle
Lair:3:   cheibrodos_lair_overgrown_chateau, layout_cave_pods,
          grunt_forest_small_clearings, infiniplex_staircase_pool_2,
          serial_bayou_shore_b, serial_bayou_shore_b, grunt_megastairs_5
Orc:1:    layout_diamond_mine, bloody_makhleb

Skill      XL: |  1  2  3  4  5  6  7  8  9 10 11 12 |
---------------+-------------------------------------+-----
Fighting       | 1 2 3 4 6 |  6.6
Armour         | 1 2 3 4 5 6 7 8 9 |  9.6
Conjurations   | 2 3 4 5 6 7 9 |  9.4
Spellcasting   | 4 5 6 7 8 10 | 10.1
Air Magic      | 2 4 5 7 |  7.3
Poison Magic   | 2 4 6 7 8 |  8.0
Dodging        | 4 |  4.7
Stealth        | |  1.7
Summonings     | |  1.0
Translocations | |  0.8

Action                   |  1- 3 |  4- 6 |  7- 9 | 10-12 | 13-15 || total
-------------------------+-------+-------+-------+-------+-------++-------
Melee: Falchion          |    73 |     1 |       |       |       ||    74
       Punch             |     4 |       |     1 |     2 |       ||     7
       Short sword       |       |    55 |   104 |     1 |       ||   160
       Hand axe          |       |       |    24 |   120 |       ||   144
       Flail             |       |       |     9 |       |       ||     9
 Fire: Hunting sling     |       |     3 |       |     1 |       ||     4
Throw: Dart              |       |       |     4 |    15 |       ||    19
 Cast: Magic Dart        |    34 |    88 |   207 |   159 |       ||   488
       Mephitic Cloud    |       |       |    32 |    50 |       ||    82
       Blink             |       |       |     2 |     2 |       ||     4
       Static Discharge  |       |       |     3 |    43 |       ||    46
       Lightning Bolt    |       |       |       |    31 |       ||    31
       Stone Arrow       |       |       |       |   143 |       ||   143
Invok: Call Merchant     |       |       |     1 |     2 |       ||     3
  Use: Scroll            |     5 |     4 |     8 |    13 |       ||    30
 Stab: Confused          |       |       |     7 |    11 |       ||    18
Armor: Robe              |     5 |       |       |     2 |       ||     7
       Ring mail         |    26 |    34 |    81 |    16 |       ||   157
       Leather armour    |       |       |       |    41 |       ||    41
Dodge: Dodged            |    56 |    25 |    84 |    92 |       ||   257
